 Dungeon Crawl Stone Soup version v3.01-hellcrawl-74-g7a863a7 (webtiles) character file.

239 severenz the Grappler (level 7, -2/57 HPs)
             Began as a Ghoul Fighter on Apr 17, 2017.
             Slain by an orc
             ... wielding a +0 flail
              (5 damage)
             ... on level 4 of the Dungeon.
             The game lasted 00:07:36 (1921 turns).

severenz the Grappler (Ghoul Fighter)               Turns: 1921, Time: 00:07:37

Health: -2/57      AC:  9 (28%)Str: 20  XL:     7   Next: 48%
Magic:  6/6        EV:  7    Int:  9    God:
Gold:   240        SH:  9    Dex: 10    Spells: 6/6 levels left

rFire    . . .     SeeInvis .     - Unarmed
rCold    + . .     Faith    .   b - +0 shield
rNeg     + + +     Spirit   .   a - +0 scale mail
rPois    ∞         Reflect  .   (no helmet)
rElec    .                      f - +2 cloak
rCorr    .                      (no gloves)
MR       .....                  (no boots)
Stlth    ..........             (no amulet)
Regen    0.0/turn               n - +6 ring of intelligence
MPRegen  0.2/turn               (no ring)

@: very slightly contaminated, hasted, very quick
A: hp from kills, claws 1, cold resistance 1, negative energy resistance 3,
inhibited regeneration, torment resistance, unbreathing
a: no special abilities


You were on level 4 of the Dungeon.
You were not hungry.

You visited 1 branch of the dungeon, and saw 4 of its levels.

You collected 240 gold pieces.

Inventory:

Missiles
 c - 34 sling bullets
 d - 836 stones (quivered)
 e - 274 arrows
 g - 168 poisoned darts
 h - 191 bolts
Armour
 a - a +0 scale mail (worn)
 b - a +0 shield (worn)
 f - a +2 cloak (worn)
 o - a +0 pair of gloves
Jewellery
 n - a +6 ring of intelligence (left claw)
Scrolls
 j - 3 scrolls of blinking
 m - a scroll of fear
Potions
 i - 2 potions of haste
 k - a potion of agility
 l - a potion of magic


   Skills:
 - Level 3.2 Fighting
 + Level 3.1 Armour
 + Level 1.0 Dodging
 + Level 3.0 Shields
 + Level 8.3 Unarmed Combat


You had 6 spell levels left.
You didn't know any spells.

Dungeon Overview and Level Annotations

Branches:
Dungeon (4/15)

Altars:
Sif Muna
Vehumet
Xom
Jiyva


Innate Abilities, Weirdness & Mutations

You restore health by killing enemies.
You are immune to poison.
You have sharp fingernails.
Your flesh is cold resistant. (rC+)
You are immune to negative energy. (rN+++)
You do not regenerate when monsters are visible.
You are immune to unholy pain and torment.
You can survive without breathing.


Message History

Your Dodging skill increases to level 1!
Your Shields skill increases to level 3!
You scratch something (4). Something completely misses you.
You miss something. You miss something. Something hits you but does no damage.
You closely miss something. You claw something (15)!
You feel better.
Reactivating autopickup.
You feel a bit more experienced.
You claw the orc (9)!
You kill the orc!
You feel better.
You barely miss the orc. You scratch the orc (4).
The orc is heavily wounded.
The orc hits you but does no damage.
You scratch the orc (1).
The orc is severely wounded.
The orc hits you with a +0 flail (5).
You die...

#....# .# #....# #.#
#....#####.#
######.......)..#
#.....#.........#
.+....)#.........#
.#...†.#.........# #
.......#.........##.#
.......#####'##.@...#
..#.#..# #+##o#####
..#.#..# #.s..S.... .
#....# #.........
#.#.## #.........
###.. ...........
..## #..........# .#
#........o.
#..........


You could see an adder and an orc.

Vanquished Creatures
  Sigmund (D:3)
  An ogre (D:4)
  A wyvern zombie (D:3)
  2 howler monkeys (D:3)
  An orc priest (D:4)
  A centaur skeleton (D:4)
  An orc wizard (D:4)
  A hound zombie (D:3)
  A worker ant zombie (D:3)
  6 adders
  2 adder zombies (D:3)
  An adder skeleton (D:3)
  2 dart slugs (D:1)
  6 orcs
  3 quokkas
  11 bats
  2 giant cockroaches
  11 goblins
  8 hobgoblins
  11 kobolds
  4 ball pythons
  2 frilled lizards
  A giant cockroach zombie (D:3)
  2 jackal zombies (D:3)
  2 quokka skeletons (D:3)
  3 quokka zombies (D:3)
  4 rats
91 creatures vanquished.

Notes
Turn   | Place    | Note
-------+----------+-------------------------------------------
     0 | D:1      | severenz the Ghoul Fighter began the quest for the Orb.
     0 | D:1      | Reached XP level 1. HP: 19/19 MP: 0/0
    78 | D:1      | Reached XP level 2. HP: 18/26 MP: 1/1
   109 | D:1      | Reached skill level 3 in Unarmed Combat
   437 | D:1      | Reached XP level 3. HP: 31/31 MP: 2/2
   707 | D:1      | Reached skill level 4 in Unarmed Combat
   812 | D:2      | Found a deep blue altar of Sif Muna.
   816 | D:2      | Reached XP level 4. HP: 38/38 MP: 3/3
   901 | D:2      | Found a shimmering altar of Xom.
   902 | D:2      | Found a shimmering altar of Xom.
   903 | D:2      | Found a shimmering altar of Xom.
  1140 | D:2      | Found a shimmering altar of Xom.
  1140 | D:2      | Found a faded altar of an unknown god.
  1140 | D:2      | Found a radiant altar of Vehumet.
  1141 | D:2      | Found a viscous altar of Jiyva.
  1141 | D:2      | Found a shimmering altar of Xom.
  1142 | D:2      | Found a shimmering altar of Xom.
  1310 | D:3      | Reached skill level 5 in Unarmed Combat
  1310 | D:3      | Reached XP level 5. HP: 45/45 MP: 4/4
  1376 | D:3      | Noticed Sigmund
  1393 | D:3      | Killed Sigmund
  1393 | D:3      | Reached skill level 7 in Unarmed Combat
  1393 | D:3      | Reached XP level 6. HP: 29/51 MP: 5/5
  1552 | D:3      | Reached XP level 7. HP: 49/57 MP: 6/6
  1558 | D:3      | Reached skill level 8 in Unarmed Combat
  1907 | D:4      | HP: 1/57 [orc priest/divine providence (10)]
  1912 | D:4      | Reached skill level 1 in Dodging
  1921 | D:4      | Slain by an orc

Skill      XL: |  1  2  3  4  5  6  7 |
---------------+----------------------+-----
Unarmed Combat | 3 4 5 7 8 |  8.3
Armour         | 3 |  3.1
Dodging        | 1 |  1.0
Shields        | 3 |  3.0
Fighting       | |  3.2

Action                   |  1- 3 |  4- 6 |  7- 9 || total
-------------------------+-------+-------+-------++-------
Melee: Unarmed           |    94 |   112 |    65 ||   271
  Use: Potion            |       |     1 |     1 ||     2
Armor: Scale mail        |    48 |    53 |    20 ||   121
Dodge: Dodged            |    18 |    32 |    15 ||    65
Block: Shield            |    42 |    52 |    17 ||   111
